Map: Ultralove

Players

LiquidClem (Clem) - Winner!

  • Race: Protoss Protoss
  • League: Master
  • Spawn Location: 1:00

Percival

  • Race: Terran Terran
  • Spawn Location: 7:00

VOD

Have the link to the VOD?

Description

Time

  • Played on: May 27, 2025, 8:30 p.m.
  • Length: 6:26
Show
View Real Time Build Order
Export as new Build Order

LiquidClem Protoss - Winner!

Build Orders: 1 Gate Expand, Blink Stalkers 

Get SALT Encoding   

  12  0:00  Probe  
  13  0:12  Probe  
  14  0:17  Pylon  
  14  0:23  Probe  
  15  0:31  Probe  
  16  0:35  Gateway  
  16  0:39  Probe  
  16  0:45  Assimilator  
  17  0:51  Probe  
  18  1:03  Probe  
  19  1:15  Probe  
  20  1:22  Cybernetics Core  
  20  1:30  Nexus  
  20  1:33  Probe  
  20  1:39  Pylon  
  21  1:45  Probe  
  22  1:47  Assimilator  
  22  1:49  Adept  
  22  1:57  Probe  
  22  1:59  Warp Gate  
  25  2:08  Stalker  
  25  2:09  Probe  
  26  2:21  Probe  
  29  2:31  Twilight Council  
  29  2:33  Probe  
  29  2:34  Stalker  
  32  2:45  Probe  
  32  2:48  Probe  
  33  2:57  Probe  
  33  2:58  Gateway, Blink  
  34  2:59  Stalker  
  34  3:00  Probe  
  35  3:10  Probe  
  35  3:12  Probe  
  37  3:22  Pylon  
  37  3:23  Probe  
  37  3:24  Probe  
  40  3:36  Probe x2  
  40  3:39  Robotics Facility  
  39  3:48  Probe  
  40  3:49  Probe  
  41  3:59  Stalker x2  
  41  4:01  Probe x2  
  43  4:04  Gateway  
  43  4:13  Probe x2  
  43  4:15  Warp Prism  
  45  4:18  Pylon  
  45  4:27  Stalker x2  
  45  4:31  Probe x2  
  52  4:33  Assimilator  
  53  4:45  Nexus  
  53  4:52  Stalker  
  55  4:53  Stalker  
  55  4:54  Observer  
  55  4:59  Pylon  
  58  5:00  Stalker  
  58  5:04  Probe x2  
  62  5:17  Probe x2  
  62  5:18  Pylon  
  64  5:29  Probe x2  
  64  5:31  Stalker x2  
  70  5:36  Stalker  
  70  5:37  Forge  
  70  5:39  Observer  
  73  5:42  Gateway  
  73  5:43  Probe  
  73  5:45  Probe  
  69  5:55  Probe  
  67  5:57  Probe  
  67  5:58  Probe  
  69  6:05  Stalker x3  
  69  6:07  Probe  
  69  6:09  Probe  
  69  6:10  Probe  
Show
View Real Time Build Order
Export as new Build Order

Percival Terran 

Build Orders:  

Get SALT Encoding   

  12  0:00  SCV  
  13  0:12  SCV  
  14  0:17  Supply Depot  
  14  0:24  SCV  
  15  0:39  SCV  
  15  0:40  Barracks  
  16  0:44  Refinery  
  16  0:51  SCV  
  16  0:52  Refinery  
  17  1:03  SCV  
  18  1:15  SCV  
  19  1:27  Reaper, Orbital Command  
  20  1:34  Supply Depot  
  20  1:42  Factory  
  20  1:54  SCV  
  21  2:00  Reaper  
  22  2:06  SCV  
  23  2:16  Command Center  
  23  2:19  SCV  
  24  2:26  Hellion  
  26  2:31  SCV  
  26  2:32  Barracks Reactor  
  27  2:40  Starport  
  27  2:43  SCV  
  28  2:49  Factory Tech Lab  
  28  2:56  SCV  
  28  2:58  Supply Depot  
  28  3:09  SCV  
  28  3:10  Marine x2  
  31  3:18  Cyclone  
  31  3:23  SCV  
  31  3:24  Medivac  
  34  3:28  Marine x2  
  36  3:35  SCV  
  36  3:40  Orbital Command  
  35  3:47  SCV  
  35  3:48  Marine x2  
  36  3:59  SCV  
  36  4:00  Siege Tank  
  39  4:03  Starport Tech Lab  
  39  4:06  Marine x2  
  39  4:09  SCV  
  42  4:13  SCV  
  43  4:20  Barracks  
  43  4:21  SCV  
  43  4:23  Raven  
  46  4:25  Marine x2  
  46  4:28  SCV  
  49  4:33  SCV  
  49  4:35  Siege Tank  
  53  4:42  SCV  
  53  4:43  Marine  
  54  4:47  Supply Depot  
  54  4:57  Supply Depot  
  54  4:59  Barracks  
  54  5:05  Refinery  
  54  5:07  Starport Reactor, Engineering Bay  
  54  5:08  SCV x2, Marine  
  54  5:11  Siege Tank  
  54  5:13  Marine  
  61  5:21  SCV  
  57  5:23  SCV, Bunker  
  57  5:26  Marine  
  57  5:27  Refinery  
  59  5:33  SCV  
  59  5:34  Marine x2  
  60  5:37  SCV  
  61  5:43  Supply Depot  
  61  5:45  SCV  
  61  5:49  SCV, Barracks Tech Lab  
  52  5:57  SCV  
  52  6:01  SCV  
  51  6:05  Marine x3  
  51  6:09  SCV  
  46  6:13  SCV  
Tags
 
Composition
Blink Stalkers
League
Master
Matchup
PvT
Player
Clem
Spawn Locations
Cross Positions
Add a new tag
Caveats
  • Supply blocks, unpowered buildings, or Contaminate may cause inaccurate times.
  • Supply counts are checked every 10 seconds.